 Dungeon Crawl Stone Soup version 0.30-a0-637-gacddeb6d44 (webtiles) character file.

Game seed: 7677554103365908171

177 HoaS the Shooter (level 5, -2/30 HPs)
             Began as a Gargoyle Hunter on Jan 15, 2023.
             Killed by divine providence
             ... invoked by an orc priest
              (10 damage)
             ... on level 4 of the Dungeon.
             The game lasted 00:07:22 (2742 turns).

HoaS the Shooter (Gargoyle Hunter)                  Turns: 2742, Time: 00:07:23

Health: -2/30      AC:  7    Str: 15    XL:     5   Next: 57%
Magic:  5/5        EV: 16    Int:  9    God:
Gold:   320        SH:  0    Dex: 15    Spells: 4/4 levels left

rFire   . . .      SeeInvis .    a - +1 shortbow
rCold   + . .      Faith    .    (shield currently unavailable)
rNeg    + . .      Spirit   .    c - +0 leather armour
rPois   ∞          Reflect  .    (no helmet)
rElec   +          Harm     .    (no cloak)
rCorr   .          Rampage  .    (no gloves)
Will    .....                    (no boots)
Stlth   ++                       (no amulet)
HPRegen 0.25/turn                h - +5 ring of evasion
MPRegen 0.09/turn                e - ring of protection from cold

@: studying Maces & Flails
A: sickness immunity, AC +4, negative energy resistance 1, electricity
resistance, torment resistance 1, petrification resistance
a: no special abilities


You were on level 4 of the Dungeon.
You visited 1 branch of the dungeon, and saw 4 of its levels.

You collected 320 gold pieces.

Inventory:

Hand Weapons
 a - a +1 shortbow (weapon)
Armour
 c - a +0 leather armour (worn)
Jewellery
 e - a ring of protection from cold (right hand)
 h - a +5 ring of evasion (left hand)
Scrolls
 b - a scroll of immolation
 i - a scroll of magic mapping
 k - 2 scrolls of teleportation
Potions
 d - a potion of resistance
 f - 3 potions of curing
 g - a potion of attraction


   Skills:
 - Level 2.1 Fighting
 + Level 6.6 Ranged Weapons
 - Level 1.5 Dodging
 - Level 1.1 Stealth


You had 4 spell levels left.
You didn't know any spells.
Your spell library contained the following spells:

 Spells                   Type           Power      Damage    Failure   Level
 Frozen Ramparts          Ice            0%         1d1       83%         3
 Ice Form                 Ice/Tmut       0%         N/A       99%         4
 Leda's Liquefaction      Hex/Erth       0%         N/A       99%         4
 Summon Ice Beast         Ice/Summ       0%         N/A       99%         4
 Lee's Rapid Deconstruct  Erth           0%         3d4*      100%        5
 Statue Form              Tmut/Erth      Unusable   N/A       N/A         6

Dungeon Overview and Level Annotations

Branches:
Dungeon (4/15)
 Temple: D:4-7

Altars:
Okawaru
Trog

Annotations:
D:3 1 runed translucent door, Crazy Yiuf


Innate Abilities, Weirdness & Mutations

You are immune to sickness and miasma.
Your stone body is resilient. (AC +4)
You are immune to poison.
You resist negative energy. (rN+)
You are resistant to electric shocks. (rElec)
You are resistant to unholy torment.
You are immune to petrification.


Message History

The magic dart hits you.
You hear some strange, mumbled words.
Something tries to affect you, but you resist.
You shoot an arrow.
Reactivating autopickup.
You feel a bit more experienced.
You shoot an arrow. The arrow hits the orc priest.
The orc priest is lightly wounded.
The orc priest barely misses you.
You shoot an arrow. The arrow barely misses the orc priest.
The orc priest hits you but does no damage.
You shoot an arrow. The arrow barely misses the orc priest.
The orc priest misses you.
The orc priest hits you with a +0 short sword.
You are too injured to fight recklessly!
You are too injured to fight recklessly!
You are too injured to fight recklessly!
You are too injured to fight recklessly!
You are too injured to fight recklessly!
Fire: a) +1 shortbow
Press: ? - help, Q - select action Shift-Dir - straight line, f/p - orc priest
Aim: an orc priest, wielding a +0 short sword, wearing a +0 ring mail and carrying a wand of charming (6) (lightly wounded, 68% to hit)
You shoot an arrow. The arrow barely misses the orc priest.
The orc priest hits you with a +0 short sword.
Fire: a) +1 shortbow
Press: ? - help, Q - select action Shift-Dir - straight line, f/p - orc priest
Aim: an orc priest, wielding a +0 short sword, wearing a +0 ring mail and carrying a wand of charming (6) (lightly wounded, 68% to hit)
You shoot an arrow.
The arrow hits the orc priest but does no damage.
The orc priest is lightly wounded.
The orc priest hits you with a +0 short sword.
Fire: a) +1 shortbow
Press: ? - help, Q - select action Shift-Dir - straight line, f/p - orc priest
Aim: an orc priest, wielding a +0 short sword, wearing a +0 ring mail and carrying a wand of charming (6) (lightly wounded, 68% to hit)
You shoot an arrow.
The arrow hits the orc priest but does no damage.
The orc priest is lightly wounded.
The orc priest calls down the wrath of Beogh upon you.
Beogh smites you!
You die...

# #.# #.# ###.#. #†#### #.# #..
#o #....# ##.# #.###. # #....#
##..# ##..... ## ###....####
##.#.###...#.) .## #.........#
#.###.#...###. ..## #.........#
##.#.#........
...###.........######...#..#.).).
...'....).......@o...[....##.._..
...####.....#.#######......#.).).
..## ##...[#.# ##.##........ .##
##.#.#.# #.###...###. ## #.....#
#.# ##...#.. # ###.### #.#
##..... #.# #.# ##.##. #.# #.# ..
# #.# #.#


You could see an orc priest.

Vanquished Creatures
  An orc wizard (D:4)
  4 gnolls
  An adder (D:2)
  2 worms (D:2)
  12 orcs
  9 bats
  9 endoplasms
  4 giant cockroaches
  5 goblins
  9 hobgoblins
  6 kobolds
  2 quokkas
  10 ball pythons
  7 frilled lizards
  8 rats
89 creatures vanquished.

Vanquished Creatures (others)
  3 fungi (D:3)
  3 toadstools (D:3)
6 creatures vanquished.

Grand Total: 95 creatures vanquished

Notes
Turn   | Place    | Note
-------+----------+-------------------------------------------
     0 | D:1      | HoaS the Gargoyle Hunter began the quest for the Orb.
     0 | D:1      | Reached XP level 1. HP: 12/12 MP: 1/1
   112 | D:1      | Reached XP level 2. HP: 17/17 MP: 2/2
   266 | D:1      | Reached XP level 3. HP: 21/21 MP: 3/3
   270 | D:1      | Reached skill level 5 in Ranged Weapons
   677 | D:2      | Reached XP level 4. HP: 26/26 MP: 4/4
  1040 | D:2      | Reached skill level 6 in Ranged Weapons
  1153 | D:2      | Found a bloodstained altar of Trog.
  1333 | D:2      | Reached XP level 5. HP: 30/30 MP: 5/5
  1348 | D:3      | Found a faded altar of an unknown god.
  2239 | D:3      | Found a runed translucent door.
  2240 | D:3      | Noticed Crazy Yiuf
  2700 | D:4      | Found an iron altar of Okawaru.
  2707 | D:4      | Identified the +1 hand axe "Wyargh" {venom, rPois Int+5}
  2742 | D:4      | Killed from afar by an orc priest

Illustrated notes

Levels and vault maps discovered:
D:1:      dpeg_arrival_long_road, layout_basic
D:2:      layout_basic, basic_altar, minmay_surrounded
D:3:      layout_basic, hellmonk_ecumenical_altar_pennies_from_heaven,
          hangedman_decor_riveting, minmay_gold_behind_fungi,
          uniq_crazy_yiuf_cottage
D:4:      layout_loops_corners, kennysheep_mini_moat, okawaru_ov_weapons_minmay,
          kennysheep_dice

Skill      XL: |  1  2  3  4 |
---------------+-------------+-----
Ranged Weapons | 5 6 |  6.6
Fighting       | |  2.1
Dodging        | |  1.5
Stealth        | |  1.1

Action                   |  1- 3 |  4- 6 || total
-------------------------+-------+-------++-------
Melee: Shortbow          |       |     1 ||     1
 Fire: Shortbow          |    93 |   167 ||   260
  Use: Scroll            |     1 |    11 ||    12
Armor: Leather armour    |    22 |    17 ||    39
Dodge: Dodged            |    31 |    38 ||    69

Table legend: (Time is in decaauts)
 A = Elapsed time spent in this place.
 B = Non-inter-level travel time spent in this place.
 C = Inter-level travel time spent in this place.
 D = Time resting spent in this place.
 E = Time spent auto-exploring this place.
 F = Levels seen in this place.
 G = Mean time per level.
                   A        B        C        D        E       F      G
               +--------+--------+--------+--------+--------+-----+--------+
         Total |   2809 |   2751 |     58 |    267 |   1864 |   4 |  702.2 |
       Dungeon |   2809 |   2751 |     58 |    267 |   1864 |   4 |  702.2 |
               +--------+--------+--------+--------+--------+-----+--------+

Top non-repeatable levels by time:
     D:3: 1101 daAuts
     D:2: 743 daAuts
     D:1: 648 daAuts
     D:4: 315 daAuts
